[Event "Titled Tuesday Blitz November 07 Early 2023"]
[White "Xie, Bryan"]
[Black "Jia, Haoxiang"]
[WhiteFideId "30941296"]
[BlackFideId "8602999"]
[WhiteElo "2408"]
[BlackElo "2553"]
[Result "0-1"]
[Round "4"]
[TimeControl "180+1"]
[Date "2023.11.07"]
[WhiteClock "0:00:00"]
[BlackClock "0:01:54"]
[Board "143"]

1. e4 c5 2. Nf3 d6 3. d4 cxd4 4. Nxd4 Nf6 5. Nc3 g6 6. Be3 Bg7 7. f3 O-O 8. Qd2 Nc6 9. Bc4 Bd7 10. O-O-O Rc8 11. Bb3 Ne5 12. Kb1 Nc4 13. Bxc4 Rxc4 14. g4 b5 15. Ndxb5 Bxb5 16. Nxb5 Qb8 17. Nd4 Rfc8 18. b3 d5 19. e5 Nd7 20. f4 Nc5 21. Ka1 Ne4 22. Qc1 Rc3 23. Bd2 R3c7 24. Ba5 Rc5 25. Be1 f6 26. Ne6 Rxc2 27. Qxc2 Rxc2 28. Rxd5 Kf7 29. f5 fxe5 30. Nd8+ Kg8 31. Ne6 Nd6 0-1


[Site "https://www.chess.com"]

[Event "Titled Tuesday Blitz November 07 Early 2023"]
[White "Urquhart, Ed"]
[Black "Predator0608"]
[WhiteFideId "2603748"]
[WhiteElo "2408"]
[BlackElo "2553"]
[Result "0-1"]
[Round "4"]
[TimeControl "180+1"]
[Date "2023.11.07"]
[WhiteClock "0:00:00"]
[BlackClock "0:00:25"]
[Board "144"]

1. e4 c5 2. Nc3 Nc6 3. f4 g6 4. Nf3 Bg7 5. a3 e6 6. b4 cxb4 7. axb4 Nge7 8. b5 Nd4 9. e5 Nxf3+ 10. Qxf3 d6 11. d4 Nf5 12. Be3 Qc7 13. Ne4 Qxc2 14. Rc1 Qb2 15. Nxd6+ Nxd6 16. exd6 O-O 17. Bd3 Bxd4 18. O-O Rd8 19. Rc2 Qb4 20. Rfc1 Qxd6 21. Be4 Rb8 22. Rc7 Bd7 23. Bxb7 Bxb5 24. h3 Rd7 25. Rc8+ Rxc8 26. Rxc8+ Kg7 27. Be4 Rc7 28. Rxc7 Bxe3+ 29. Qxe3 Qxc7 0-1


[Site "https://www.chess.com"]

[Event "Titled Tuesday Blitz November 07 Early 2023"]
[White "Avazkhonov, Alikhon"]
[Black "Begunov, Konstantin"]
[WhiteFideId "14208504"]
[BlackFideId "4118510"]
[WhiteElo "2544"]
[BlackElo "2408"]
[Result "1-0"]
[Round "4"]
[TimeControl "180+1"]
[Date "2023.11.07"]
[WhiteClock "0:00:07"]
[BlackClock "0:00:21"]
[Board "145"]

1. d4 d5 2. c4 c6 3. Nc3 Nf6 4. Nf3 dxc4 5. a4 Bg4 6. Ne5 Bh5 7. f3 Nfd7 8. Nxc4 e5 9. Nxe5 Nxe5 10. dxe5 Nd7 11. f4 Bb4 12. g3 Qe7 13. Bg2 f6 14. exf6 Nxf6 15. Qc2 Nd5 16. O-O Ne3 17. Bxe3 Qxe3+ 18. Kh1 Bg6 19. f5 Bf7 20. f6 O-O 21. Ne4 Bb3 22. Qd3 Qxd3 23. exd3 Rad8 24. fxg7 Rxf1+ 25. Rxf1 Rxd3 26. Nf6+ Kxg7 27. Be4 Rd1 28. Ne8+ Kh6 29. Rxd1 Bxd1 30. a5 Bxa5 31. Nd6 b5 32. Bxc6 b4 33. Nc4 Bd8 34. Ne3 Bb3 35. h4 Bf6 36. Be8 Bxb2 37. Nf5# 1-0


[Site "https://www.chess.com"]

[Event "Titled Tuesday Blitz November 07 Early 2023"]
[White "Bashirli, Saadat"]
[Black "Kotlyar, Kirill"]
[WhiteFideId "13429990"]
[BlackFideId "24145599"]
[WhiteElo "2405"]
[BlackElo "2543"]
[Result "1-0"]
[Round "4"]
[TimeControl "180+1"]
[Date "2023.11.07"]
[WhiteClock "0:00:26"]
[BlackClock "0:00:00"]
[Board "146"]

1. e4 c5 2. Nf3 Nc6 3. Bb5 g6 4. c3 Bg7 5. d4 cxd4 6. cxd4 a6 7. Bc4 b5 8. Bb3 Na5 9. Bd5 Bb7 10. Bxb7 Nxb7 11. O-O Nf6 12. Re1 O-O 13. Bg5 d5 14. e5 Ne4 15. Bf4 e6 16. Nbd2 Nxd2 17. Qxd2 Rc8 18. Rac1 Qb6 19. h3 Na5 20. b3 Rfe8 21. Bg3 Bf8 22. Qf4 Nc6 23. Ng5 Re7 24. Qh4 h6 25. Nf3 Rec7 26. Rcd1 Nb4 27. Bf4 g5 28. Qg4 Bg7 29. Be3 Nc2 30. Re2 Nxe3 31. fxe3 Rc2 32. Red2 Qa5 33. h4 gxh4 34. Qxh4 Qxa2 35. b4 Qb3 36. Qf4 Qxb4 37. Rxc2 Rxc2 38. Rf1 Qc4 39. Ne1 Qc7 40. Nxc2 h5 41. Ne1 a5 42. Nf3 b4 43. Ng5 a4 44. Qxf7+ Qxf7 45. Rxf7 a3 46. Ra7 Bf8 47. Nxe6 1-0


[Site "https://www.chess.com"]

[Event "Titled Tuesday Blitz November 07 Early 2023"]
[White "Matveeva, Olga"]
[Black "Vestby-Ellingsen, Mads"]
[WhiteFideId "24107018"]
[BlackFideId "1520857"]
[WhiteElo "2405"]
[BlackElo "2543"]
[Result "0-1"]
[Round "4"]
[TimeControl "180+1"]
[Date "2023.11.07"]
[WhiteClock "0:00:05"]
[BlackClock "0:01:54"]
[Board "147"]

1. d4 d5 2. c4 c6 3. Nf3 Nf6 4. Qb3 dxc4 5. Qxc4 Bf5 6. g3 e6 7. Bg2 Nbd7 8. O-O Be7 9. Nc3 O-O 10. Re1 Ne4 11. Qb3 Qb6 12. Nh4 Nxc3 13. Nxf5 exf5 14. bxc3 Nf6 15. Bb2 Rfe8 16. e3 g6 17. c4 Qxb3 18. axb3 Bb4 19. Red1 Ne4 20. d5 cxd5 21. Rxd5 b6 22. Rd7 a5 23. Rad1 Rab8 24. f3 Nc5 25. Ra7 Rbd8 26. Rd5 Nxb3 27. e4 fxe4 28. fxe4 b5 29. Rad7 Rxd7 30. Rxd7 bxc4 31. Bf6 c3 32. Rc7 Bc5+ 33. Kf1 c2 34. Bg5 a4 35. Ke2 c1=Q 36. Bxc1 Nxc1+ 37. Kd1 Nb3 0-1


[Site "https://www.chess.com"]

[Event "Titled Tuesday Blitz November 07 Early 2023"]
[White "brm72"]
[Black "Kukreja Sankalp"]
[BlackFideId "45027676"]
[WhiteElo "2541"]
[BlackElo "2405"]
[Result "1-0"]
[Round "4"]
[TimeControl "180+1"]
[Date "2023.11.07"]
[WhiteClock "0:00:36"]
[BlackClock "0:00:04"]
[Board "148"]

1. e4 c5 2. Nf3 g6 3. d4 cxd4 4. Nxd4 Bg7 5. c4 Nc6 6. Be3 Nf6 7. Nc3 O-O 8. Be2 b6 9. O-O Bb7 10. f3 e6 11. Ndb5 d5 12. cxd5 exd5 13. exd5 Nb4 14. d6 Nfd5 15. Bd4 Bxd4+ 16. Qxd4 Nc2 17. Qd2 Nxc3 18. Nxc3 Nxa1 19. Rxa1 Qd7 20. Bb5 Bc6 21. Ne4 f5 22. Bc4+ Kh8 23. Ng5 Rae8 24. Rd1 Rf6 25. Qd4 Kg7 26. Nxh7 Kxh7 27. Qxf6 Re6 28. Bxe6 1-0


[Site "https://www.chess.com"]

[Event "Titled Tuesday Blitz November 07 Early 2023"]
[White "LiadCuba"]
[Black "Czopor, Maciej"]
[BlackFideId "21805431"]
[WhiteElo "2402"]
[BlackElo "2538"]
[Result "1-0"]
[Round "4"]
[TimeControl "180+1"]
[Date "2023.11.07"]
[WhiteClock "0:00:33"]
[BlackClock "0:00:13"]
[Board "149"]

1. d4 a6 2. c4 b5 3. e3 bxc4 4. Bxc4 Bb7 5. Nf3 Nf6 6. O-O e6 7. Nbd2 Be7 8. Qe2 O-O 9. b3 d6 10. Bb2 Nbd7 11. Rfc1 Nb6 12. Bd3 Re8 13. e4 Bf8 14. Rc2 a5 15. Rac1 Rc8 16. Qe3 h6 17. h3 Qd7 18. a4 d5 19. e5 Nh7 20. Nf1 Bb4 21. Ng3 Nf8 22. Nh5 Ng6 23. Bxg6 fxg6 24. Nf4 Qf7 25. Nd3 g5 26. Nxb4 axb4 27. Ne1 Ba6 28. Rc6 Qf5 29. a5 Bb7 30. Rxc7 Rxc7 31. Rxc7 Na8 32. Rxb7 Qb1 33. Qc1 1-0


[Site "https://www.chess.com"]

[Event "Titled Tuesday Blitz November 07 Early 2023"]
[White "Hirneise, Jens"]
[Black "Goldin, Roman"]
[WhiteFideId "24614734"]
[BlackFideId "2803860"]
[WhiteElo "2536"]
[BlackElo "2398"]
[Result "1-0"]
[Round "4"]
[TimeControl "180+1"]
[Date "2023.11.07"]
[WhiteClock "0:00:07"]
[BlackClock "0:00:00"]
[Board "150"]

1. g3 d5 2. Bg2 e5 3. c4 d4 4. d3 Nf6 5. Nf3 Nc6 6. O-O Be7 7. e3 O-O 8. exd4 exd4 9. h3 Bf5 10. a3 a5 11. Bg5 h6 12. Bxf6 Bxf6 13. Re1 a4 14. b4 axb3 15. Qxb3 Qd7 16. Kh2 Ra6 17. Nbd2 Rfa8 18. Ng1 Rb6 19. Qc2 Be7 20. Be4 Rxa3 21. Rxa3 Bxa3 22. Qa4 Bb4 23. Ngf3 Bxe4 24. Rxe4 Qf5 25. Qa8+ Kh7 26. Re8 Qxd3 27. Rh8+ Kg6 28. Nh4+ Kf6 29. Ndf3 Qe2 30. Qc8 Qxf2+ 31. Kh1 Ne7 32. Qg4 Qf1+ 33. Kh2 Qf2+ 34. Ng2 1-0


[Site "https://www.chess.com"]

[Event "Titled Tuesday Blitz November 07 Early 2023"]
[White "Goltseva, Ekaterina"]
[Black "Dmitrenko, Viktor"]
[WhiteFideId "24173770"]
[BlackFideId "14110270"]
[WhiteElo "2533"]
[BlackElo "2394"]
[Result "1-0"]
[Round "4"]
[TimeControl "180+1"]
[Date "2023.11.07"]
[WhiteClock "0:01:03"]
[BlackClock "0:00:00"]
[Board "151"]

1. Nf3 c5 2. b3 d5 3. Bb2 Nf6 4. e3 e6 5. d4 Be7 6. Bb5+ Bd7 7. Bd3 O-O 8. O-O Nc6 9. Nbd2 Rc8 10. c4 cxd4 11. exd4 dxc4 12. bxc4 b6 13. Rc1 h6 14. Qe2 Qc7 15. Rfd1 Rfd8 16. Ne4 Qb7 17. h3 Be8 18. Bb1 Na5 19. d5 exd5 20. Nxf6+ Bxf6 21. Bxf6 gxf6 22. Qd3 Nxc4 23. Qh7+ Kf8 24. Re1 Ne5 25. Rxc8 Rxc8 26. Nxe5 fxe5 27. Qh8+ Ke7 28. Qxe5+ Kd8 29. Qxe8+ Kc7 30. Qe5+ Kc6 31. Rc1+ Kb5 32. Bd3+ Ka5 33. Qe1+ Ka4 34. Rb1 1-0


[Site "https://www.chess.com"]

[Event "Titled Tuesday Blitz November 07 Early 2023"]
[White "Lymar, Vladislav"]
[Black "Slovineanu, Viacheslav"]
[WhiteFideId "14162180"]
[BlackFideId "13900510"]
[WhiteElo "2529"]
[BlackElo "2391"]
[Result "1-0"]
[Round "4"]
[TimeControl "180+1"]
[Date "2023.11.07"]
[WhiteClock "0:00:14"]
[BlackClock "0:00:01"]
[Board "152"]

1. d4 Nf6 2. c4 e6 3. Bf4 d5 4. cxd5 Nxd5 5. Bg3 Bb4+ 6. Nd2 O-O 7. Nf3 c5 8. e4 Nf6 9. Bd3 Nc6 10. e5 Nxd4 11. Ng5 h6 12. exf6 hxg5 13. Qh5 Nf5 14. Qxg5 Qxf6 15. Qxf6 gxf6 16. Bxf5 exf5 17. O-O-O Be6 18. a3 Ba5 19. Kc2 b5 20. Bd6 Rfc8 21. Nb3 Bb6 22. Rhe1 Kg7 23. Re3 f4 24. Bxf4 Bf5+ 25. Kc1 Rd8 26. Rg3+ Bg6 27. Rxd8 Rxd8 28. h4 Kf8 29. Be3 Rd5 30. Rf3 Ke7 31. Rf4 c4 32. Bxb6 cxb3 33. Bxa7 Bc2 34. Bd4 f5 35. h5 Rd6 36. Bc5 1-0


[Site "https://www.chess.com"]

[Event "Titled Tuesday Blitz November 07 Early 2023"]
[White "Juicy_Fork"]
[Black "Ben Artzi, Ido"]
[BlackFideId "2810913"]
[WhiteElo "2389"]
[BlackElo "2524"]
[Result "0-1"]
[Round "4"]
[TimeControl "180+1"]
[Date "2023.11.07"]
[WhiteClock "0:00:01"]
[BlackClock "0:00:10"]
[Board "153"]

1. e4 e5 2. Nf3 Nc6 3. Bb5 a6 4. Ba4 Nf6 5. O-O Be7 6. Re1 b5 7. Bb3 d6 8. c3 O-O 9. h3 Nb8 10. d4 Nbd7 11. Nbd2 Bb7 12. Bc2 Re8 13. Nf1 Bf8 14. Ng3 g6 15. Bd2 Bg7 16. Qc1 d5 17. dxe5 Nxe4 18. Nxe4 dxe4 19. Bxe4 Bxe4 20. Rxe4 Nxe5 21. Nxe5 Bxe5 22. Re1 Qd3 23. Bf4 f6 24. Bxe5 Rxe5 25. Qf4 Rae8 26. Red1 Qf5 27. Qxf5 Rxf5 28. Kf1 Re7 29. Rd8+ Kf7 30. Rad1 Rfe5 31. g3 Re2 32. R8d2 R2e4 33. Kg2 f5 34. Kf3 g5 35. Rd5 Kf6 36. R1d2 h5 37. Rd8 g4+ 38. Kg2 Re2 39. Kf1 Re1+ 40. Kg2 Ra1 41. hxg4 hxg4 42. Rf8+ Kg6 43. Rg8+ Kf6 44. Rf8+ Kg6 45. Rg8+ Rg7 46. Rxg7+ Kxg7 47. a3 Rb1 48. Rd7+ Kf6 49. Rxc7 Rxb2 50. Rc6+ Ke5 51. Rxa6 Rb3 52. Ra5 Ke4 53. a4 bxa4 54. Rxa4+ Ke5 55. Rc4 Kd5 56. Rc8 Ke5 57. c4 Rc3 58. Kf1 Kd4 59. Rf8 Ke5 60. Re8+ Kd4 61. Rf8 Ke5 62. Rc8 Kd4 63. Ke2 Rc2+ 64. Ke1 Rxc4 65. Rd8+ Ke4 66. Re8+ Kf3 67. Re3+ Kg2 68. Re2 Rc1+ 69. Kd2 Rf1 70. Ke3 Kg1 71. Rd2 Kg2 72. Re2 Kg1 73. Rd2 Kg2 74. Rc2 Re1+ 75. Re2 Rxe2+ 76. Kxe2 Kg1 77. Ke3 Kf1 78. f3 Kg2 79. fxg4 fxg4 80. Kf4 Kh3 81. Ke4 Kxg3 82. Ke3 Kh2 83. Kf2 g3+ 84. Kf3 g2 0-1


[Site "https://www.chess.com"]

[Event "Titled Tuesday Blitz November 07 Early 2023"]
[White "topce"]
[Black "Can, Melih Kaan"]
[BlackFideId "6317383"]
[WhiteElo "2524"]
[BlackElo "2384"]
[Result "0-1"]
[Round "4"]
[TimeControl "180+1"]
[Date "2023.11.07"]
[WhiteClock "0:01:39"]
[BlackClock "0:01:51"]
[Board "154"]

1. c4 e5 2. Nc3 Nf6 3. Nf3 Nc6 4. e4 Bc5 5. Nxe5 Qe7 6. Nxc6 dxc6 7. d4 Nxe4 8. Be2 Bb4 9. Bd2 Nxd2 10. Qxd2 Bg4 11. f3 Bf5 12. O-O O-O-O 13. Rad1 Rxd4 14. Qxd4 Bc5 15. Qxc5 Qxc5+ 16. Kh1 Re8 17. Bd3 Bxd3 18. Rxd3 Qf2 19. Rdd1 Qxb2 20. Ne4 Qxa2 21. Ng5 Qxc4 22. Rfe1 Rxe1+ 23. Rxe1 b5 24. Nxh7 Qh4 25. Re8+ Kd7 0-1


[Site "https://www.chess.com"]

[Event "Titled Tuesday Blitz November 07 Early 2023"]
[White "Manukyan, Artyom"]
[Black "Dwilewicz, Katarzyna"]
[WhiteFideId "13305786"]
[BlackFideId "1148486"]
[WhiteElo "2522"]
[BlackElo "2384"]
[Result "1-0"]
[Round "4"]
[TimeControl "180+1"]
[Date "2023.11.07"]
[WhiteClock "0:00:39"]
[BlackClock "0:00:01"]
[Board "155"]

1. e4 c5 2. c3 g6 3. d4 cxd4 4. cxd4 Bg7 5. Nc3 d6 6. h3 Nc6 7. Nf3 Nf6 8. Be3 O-O 9. Bd3 a6 10. O-O b5 11. a3 Bb7 12. Qd2 Rc8 13. Bh6 Na5 14. Bxg7 Kxg7 15. Rad1 Nc4 16. Qe2 Nxa3 17. e5 Nh5 18. Be4 Bxe4 19. Qxe4 f5 20. exf6+ Nxf6 21. Qe2 Nc4 22. Ng5 Qd7 23. Ne6+ Kf7 24. Nxf8 Kxf8 25. b3 Na5 26. Ne4 Qe6 27. Qe1 Nxb3 28. Nxf6 Qxe1 29. Nxh7+ Kg7 30. Rfxe1 Kxh7 31. Rxe7+ Kh6 32. Rb7 Rc6 33. h4 Rc4 34. Re1 Nxd4 35. Ree7 Kh5 36. Rh7+ Kg4 37. Rbf7 Nf5 38. g3 Kf3 39. h5 Rc1+ 40. Kh2 Kxf2 41. hxg6 Ke3 42. Rxf5 1-0


[Site "https://www.chess.com"]

[Event "Titled Tuesday Blitz November 07 Early 2023"]
[White "Mejia, Cherry Ann"]
[Black "Bazilius, Augustinas"]
[WhiteFideId "5206880"]
[BlackFideId "12832251"]
[WhiteElo "2371"]
[BlackElo "2522"]
[Result "1-0"]
[Round "4"]
[TimeControl "180+1"]
[Date "2023.11.07"]
[WhiteClock "0:00:12"]
[BlackClock "0:00:01"]
[Board "156"]

1. e4 c5 2. Nc3 d6 3. g3 g6 4. Bg2 Bg7 5. d3 Nc6 6. Be3 Nf6 7. h3 a6 8. Qd2 Rb8 9. Nge2 b5 10. O-O O-O 11. f4 b4 12. Nd1 a5 13. g4 Qc7 14. Ng3 e6 15. f5 exf5 16. gxf5 Re8 17. Bh6 d5 18. Bf4 Ne5 19. Ne3 Bb7 20. Qf2 dxe4 21. dxe4 Qb6 22. Bxe5 Rxe5 23. Nc4 Qc7 24. Nxe5 Qxe5 25. c3 Re8 26. Rac1 Bh6 27. Rc2 Ba6 28. c4 Bg7 29. b3 Bb7 30. Re2 Qc7 31. Qf4 Re5 32. Rd2 Qe7 33. Rfd1 Bc6 34. Rd8+ Ne8 35. Kh1 Bf6 36. fxg6 hxg6 37. R1d6 Bg5 38. Qf3 Qxd6 39. Rxd6 Nxd6 40. Qd3 Be7 41. Qe3 Kf8 42. Qf4 Re6 43. e5 Bxg2+ 44. Kxg2 Ne8 45. Ne4 Ng7 46. Nd6 Bxd6 47. exd6 Ke8 48. d7+ Kxd7 49. Qxf7+ Re7 50. Qd5+ Ke8 51. Qxc5 Ne6 52. Qxa5 Kf7 53. Qxb4 Nf4+ 54. Kf3 Nd3 55. Qb5 Ne1+ 56. Kf2 Nd3+ 57. Kf1 Re1+ 58. Kg2 Re2+ 59. Kf3 Re7 60. Qd5+ 1-0


[Site "https://www.chess.com"]

[Event "Titled Tuesday Blitz November 07 Early 2023"]
[White "Pham, Le Thao Nguyen"]
[Black "Corredor Castellanos, Camilo"]
[WhiteFideId "12401226"]
[BlackFideId "4425871"]
[WhiteElo "2522"]
[BlackElo "2368"]
[Result "1-0"]
[Round "4"]
[TimeControl "180+1"]
[Date "2023.11.07"]
[WhiteClock "0:01:56"]
[BlackClock "0:01:36"]
[Board "157"]

1. d4 Nf6 2. Nf3 e6 3. Bf4 c5 4. e3 Nc6 5. c3 d5 6. Nbd2 cxd4 7. exd4 Bd6 8. Bg3 O-O 9. Bd3 Qc7 10. Qe2 e5 11. dxe5 Re8 12. Bb5 Bg4 13. Bxc6 bxc6 14. O-O Qd7 15. Qa6 1-0


[Site "https://www.chess.com"]

[Event "Titled Tuesday Blitz November 07 Early 2023"]
[White "Vigoa Apecheche, Yanira"]
[Black "Toktomushev, Teimur"]
[WhiteFideId "3507041"]
[BlackFideId "14176726"]
[WhiteElo "2363"]
[BlackElo "2520"]
[Result "0-1"]
[Round "4"]
[TimeControl "180+1"]
[Date "2023.11.07"]
[WhiteClock "0:00:28"]
[BlackClock "0:00:06"]
[Board "158"]

1. d4 d5 2. Nf3 Nf6 3. c4 e6 4. Nc3 Be7 5. Bg5 O-O 6. e3 h6 7. Bxf6 Bxf6 8. cxd5 exd5 9. b4 c6 10. Bd3 a5 11. a3 Nd7 12. O-O b5 13. Rc1 Nb6 14. e4 Bg4 15. e5 Be7 16. Ne2 Nc4 17. Bxc4 bxc4 18. Rb1 axb4 19. axb4 Qd7 20. Ne1 Rfb8 21. Nc2 Bf5 22. Rb2 Bxc2 23. Qxc2 Rxb4 24. Rxb4 Bxb4 25. Rb1 c5 26. Nf4 Qa4 27. Qxa4 Rxa4 28. Nxd5 c3 29. dxc5 c2 30. Rc1 Bd2 31. c6 Bxc1 32. c7 Rc4 33. f4 Bb2 34. Kf2 c1=Q 35. Ne7+ Kf8 36. c8=Q+ Rxc8 37. Nxc8 Qxc8 38. h3 Qc5+ 39. Kf3 Bxe5 40. fxe5 Qxe5 41. g3 f5 42. h4 Qe4+ 0-1


[Site "https://www.chess.com"]

[Event "Titled Tuesday Blitz November 07 Early 2023"]
[White "HeroRubiksCube"]
[Black "Marchesich, Giovanni"]
[BlackFideId "2824790"]
[WhiteElo "2520"]
[BlackElo "2361"]
[Result "0-1"]
[Round "4"]
[TimeControl "180+1"]
[Date "2023.11.07"]
[WhiteClock "0:00:03"]
[BlackClock "0:00:07"]
[Board "159"]

1. e4 e5 2. Nf3 Nc6 3. Bc4 Nf6 4. d3 h6 5. c3 g5 6. d4 exd4 7. cxd4 Nxe4 8. d5 Bb4+ 9. Nc3 Nxc3 10. bxc3 Bxc3+ 11. Bd2 Bxd2+ 12. Qxd2 Ne7 13. d6 cxd6 14. O-O Kf8 15. Rfe1 b6 16. Qxd6 Bb7 17. Ne5 Kg7 18. Nxd7 Nc6 19. Rad1 Na5 20. Qe5+ f6 21. Qe7+ Qxe7 22. Rxe7+ Kg6 23. Bf7+ Kf5 24. Re6 g4 25. Rxf6+ Kg5 26. Rg6+ Kf5 27. Rf6+ Kg5 28. h4+ gxh3 29. f4+ Kh4 30. Kf2 hxg2 31. Rd3 Rhg8 32. Rxh6+ Kg4 33. Nf6+ Kxf4 34. Nxg8 Rc8 35. Rh4+ Kg5 36. Rhd4 Rf8 37. Rg3+ Kf5 38. Nh6+ Ke5 39. Rd1 Nc4 40. Re1+ Kd6 41. Rg6+ Kc5 42. Rg5+ Kb4 43. Rxg2 Bxg2 44. Kxg2 Nd6 45. Rf1 Ka3 46. Rf2 Nxf7 47. Nxf7 b5 48. Kf1 b4 49. Ke1 a5 50. Kd1 a4 51. Kc1 b3 52. Kb1 Rg8 53. Rf1 Rg2 54. Ne5 Rxa2 55. Nc4+ Kb4 56. Nb2 a3 57. Rf4+ Kb5 58. Rf5+ Kc6 59. Rf6+ Kd7 60. Nd3 Rd2 61. Nc5+ Ke7 62. Rf1 Rb2+ 63. Ka1 Ra2+ 64. Kb1 Rc2 65. Ka1 Rxc5 0-1


[Site "https://www.chess.com"]

[Event "Titled Tuesday Blitz November 07 Early 2023"]
[White "secrethawk1"]
[Black "Dushyant Sharma"]
[BlackFideId "25065130"]
[WhiteElo "2353"]
[BlackElo "2519"]
[Result "0-1"]
[Round "4"]
[TimeControl "180+1"]
[Date "2023.11.07"]
[WhiteClock "0:00:15"]
[BlackClock "0:01:09"]
[Board "160"]

1. d4 d5 2. Bf4 e6 3. e3 f5 4. c4 Bd6 5. Bxd6 Qxd6 6. Nc3 c6 7. Nf3 Nf6 8. Be2 O-O 9. O-O Nbd7 10. Rc1 b6 11. a3 Bb7 12. b4 Rae8 13. c5 Qb8 14. b5 bxc5 15. bxc6 Bxc6 16. dxc5 e5 17. Na2 Kh8 18. Nb4 Qc7 19. a4 Ng4 20. h3 Ngf6 21. Bb5 Bxb5 22. axb5 e4 23. Nd4 f4 24. exf4 Qxf4 25. c6 Nb6 26. c7 Nc4 27. Na6 e3 28. fxe3 Qxe3+ 29. Kh2 Ne4 30. Qg4 Nf6 31. Qd1 Qe5+ 32. Kh1 Ne3 33. Qf3 Qxd4 34. Rfe1 Nc4 35. Rxe8 Rxe8 36. Qf5 Nd6 37. c8=Q Nxf5 38. Qxe8+ Nxe8 39. Rc8 Nd6 40. Rd8 Qa1+ 41. Kh2 Qe5+ 42. Kh1 h5 43. Nc7 Kh7 44. Nxe8 Nxe8 45. Rd7 d4 46. Rxa7 d3 47. Rd7 Qe1+ 48. Kh2 d2 49. b6 d1=Q 50. Rxd1 Qxd1 51. b7 Qd6+ 52. Kg1 Nf6 53. Kf2 g5 54. Ke1 g4 55. Kf1 gxh3 56. gxh3 h4 57. b8=Q Qxb8 58. Ke2 Qg3 59. Kd2 Kg6 60. Kc2 Kf5 61. Kb2 Qxh3 62. Ka2 Qg3 63. Kb1 h3 64. Kb2 h2 65. Ka2 h1=Q 66. Kb2 Qhh2+ 67. Ka1 0-1


[Site "https://www.chess.com"]

[Event "Titled Tuesday Blitz November 07 Early 2023"]
[White "Skaric, Djuro"]
[Black "TimGrutter03"]
[WhiteFideId "934569"]
[WhiteElo "2349"]
[BlackElo "2518"]
[Result "1/2-1/2"]
[Round "4"]
[TimeControl "180+1"]
[Date "2023.11.07"]
[WhiteClock "0:01:18"]
[BlackClock "0:00:19"]
[Board "161"]

1. g3 f6 2. Bg2 e5 3. d3 Nc6 4. Nf3 d5 5. O-O Be6 6. Nc3 Qd7 7. e4 d4 8. Ne2 h5 9. h4 Bh3 10. c3 Bxg2 11. Kxg2 dxc3 12. bxc3 O-O-O 13. d4 Qg4 14. Qd3 exd4 15. cxd4 Ne5 16. Nxe5 fxe5 17. f3 Qd7 18. Bg5 Nf6 19. d5 Bc5 20. Rac1 Bb6 21. Rc4 Kb8 22. Rfc1 Rc8 23. Nc3 Ne8 24. Na4 Nd6 25. Nxb6 cxb6 26. R4c2 Rxc2+ 27. Rxc2 Rc8 28. Rxc8+ Qxc8 29. Qb3 Qc7 30. Bd2 a5 31. Bc3 Nc4 32. f4 exf4 33. gxf4 a4 34. Qb5 Ne3+ 35. Kf3 Qxc3 36. Qe8+ Ka7 37. Qxa4+ Kb8 38. Qe8+ Ka7 39. Qa4+ Kb8 40. Qe8+ Ka7 41. Qa4+ 1/2-1/2


[Site "https://www.chess.com"]

[Event "Titled Tuesday Blitz November 07 Early 2023"]
[White "Kujawski, Adam"]
[Black "Doctor_Luber"]
[WhiteFideId "1100920"]
[WhiteElo "2344"]
[BlackElo "2514"]
[Result "1-0"]
[Round "4"]
[TimeControl "180+1"]
[Date "2023.11.07"]
[WhiteClock "0:00:08"]
[BlackClock "0:00:14"]
[Board "162"]

1. e4 c6 2. d4 d5 3. f3 e6 4. Nc3 Qb6 5. a3 g6 6. Be3 Bg7 7. e5 Bxe5 8. Qd2 Bg7 9. O-O-O Nd7 10. h4 h5 11. Nh3 Ngf6 12. Ng5 Qd8 13. Kb1 Qe7 14. Be2 b6 15. Bf4 Bb7 16. g4 hxg4 17. fxg4 e5 18. dxe5 Nxe5 19. Rde1 Ne4 20. Ncxe4 dxe4 21. Nxe4 Rd8 22. Bd3 Kf8 23. Bg5 Qd7 24. Nf6 Qd4 25. Rhf1 c5 26. Qe2 Qd6 27. Qxe5 Qxe5 28. Rxe5 Bg2 29. Rfe1 Bc6 30. Re7 a5 31. Bc4 Bxf6 32. Bxf6 Rh7 33. Rc7 Be8 34. Bxd8 1-0


[Site "https://www.chess.com"]

[Event "Titled Tuesday Blitz November 07 Early 2023"]
[White "Soumya, Swaminathan"]
[Black "Ahmad, Khagan"]
[WhiteFideId "5016193"]
[BlackFideId "13431552"]
[WhiteElo "2344"]
[BlackElo "2514"]
[Result "1-0"]
[Round "4"]
[TimeControl "180+1"]
[Date "2023.11.07"]
[WhiteClock "0:00:03"]
[BlackClock "0:00:23"]
[Board "163"]

1. e4 c5 2. Nf3 d6 3. d4 cxd4 4. Nxd4 Nf6 5. Nc3 Bd7 6. Bg5 Nc6 7. Bxf6 gxf6 8. Bb5 Qb6 9. Nb3 e6 10. Qd2 a6 11. Be2 Rc8 12. Rf1 Qc7 13. Bh5 Ne5 14. O-O-O b5 15. f4 Nc4 16. Qd3 Be7 17. f5 b4 18. Ne2 Ne3 19. Ned4 Nxf1 20. fxe6 Bb5 21. Nxb5 Qxc2+ 22. Qxc2 Rxc2+ 23. Kxc2 Ne3+ 24. Kd2 Nxd1 25. exf7+ Kd7 26. Bg4+ Kc6 27. N5d4+ Kb6 28. Kxd1 Rf8 29. Be6 Bd8 30. Nf5 Kc7 31. Nbd4 d5 32. exd5 a5 33. d6+ Kb6 34. d7 Kc5 35. Bb3 Kb6 36. Ne3 Kc5 37. Ne6+ Kd6 38. Nxf8 Ke7 39. Ne6 Kxd7 40. Nxd8 Ke7 41. Nc6+ Kf8 42. Nf5 a4 43. Bd5 a3 44. bxa3 b3 45. axb3 h5 46. a4 h4 47. a5 h3 48. Nfd4 hxg2 49. Bxg2 f5 50. a6 f4 51. a7 Kxf7 52. a8=Q f3 53. Ne5+ Kg7 54. Qb7+ Kh6 55. Qc6+ Kg5 56. Qg6+ Kf4 57. Nd3+ Ke3 58. Nc2# 1-0


[Site "https://www.chess.com"]

[Event "Titled Tuesday Blitz November 07 Early 2023"]
[White "Topalov, Aleksandar"]
[Black "Tifferet, Shaked"]
[WhiteFideId "925659"]
[BlackFideId "2811529"]
[WhiteElo "2342"]
[BlackElo "2514"]
[Result "0-1"]
[Round "4"]
[TimeControl "180+1"]
[Date "2023.11.07"]
[WhiteClock "0:00:00"]
[BlackClock "0:00:41"]
[Board "164"]

1. b3 g6 2. Bb2 Nf6 3. Bxf6 exf6 4. c4 d5 5. cxd5 Qxd5 6. e3 Qa5 7. Nf3 Nc6 8. Be2 Bg7 9. Nc3 f5 10. Qc1 O-O 11. a3 Qc5 12. b4 Qd6 13. O-O Be6 14. g3 Rfd8 15. d4 a6 16. Rd1 Ne7 17. Nd2 h5 18. Bf3 c6 19. Qc2 h4 20. Nb3 Nd5 21. Nc5 Rab8 22. Ne2 g5 23. Rac1 Nf6 24. Nxe6 fxe6 25. Qc5 Qd7 26. Nc3 Bf8 27. Qc4 Bd6 28. Qe2 Kh8 29. Bg2 Rg8 30. e4 fxe4 31. Nxe4 Nxe4 32. Qh5+ Qh7 33. Qxh7+ Kxh7 34. Bxe4+ Kg7 35. Bg2 Rbd8 36. Bh3 Kf6 37. Re1 g4 38. Bg2 h3 39. Be4 Bc7 40. Rcd1 Bb6 41. Re2 Rxd4 42. Rxd4 Bxd4 43. Rd2 e5 44. Kf1 a5 45. f3 gxf3 46. Bxf3 Ra8 47. Ke2 Ke7 48. g4 Bc3 0-1


[Site "https://www.chess.com"]

[Event "Titled Tuesday Blitz November 07 Early 2023"]
[White "Samaganova, Aleksandra"]
[Black "Bilan, Danila"]
[WhiteFideId "13800221"]
[BlackFideId "24161918"]
[WhiteElo "2339"]
[BlackElo "2511"]
[Result "0-1"]
[Round "4"]
[TimeControl "180+1"]
[Date "2023.11.07"]
[WhiteClock "0:00:53"]
[BlackClock "0:00:18"]
[Board "165"]

1. c4 c6 2. e4 d5 3. exd5 cxd5 4. d4 Nf6 5. Nc3 Nc6 6. Nf3 Bg4 7. Be2 e6 8. O-O Be7 9. h3 Bh5 10. c5 O-O 11. a3 Ne4 12. Qd3 Bg6 13. Qe3 f5 14. Nxe4 dxe4 15. Ne5 Nxd4 16. Nxg6 hxg6 17. Bd1 Bxc5 18. Qg3 Rc8 19. Qxg6 Qf6 20. Qh5 Bd6 21. Bg5 Qe5 22. g3 f4 23. gxf4 Rxf4 24. Bxf4 Qxf4 25. Re1 Qh2+ 26. Kf1 Qh1# 0-1


[Site "https://www.chess.com"]